 Dungeon Crawl Stone Soup version 0.19-a0-743-ge0d55e4 (webtiles) character file.

250 Implojin the Ruffian (level 5, -11/50 HPs)
             Began as a Troll Fighter on June 23, 2016.
             Was an Initiate of Okawaru.
             Killed from afar by an orc (24 damage)
             ... with a wand of lightning
             ... on level 5 of the Dungeon.
             The game lasted 00:06:33 (838 turns).

Implojin the Ruffian (Troll Fighter)                 Turns: 838, Time: 00:06:33

Health: -11/50     AC:  5    Str: 29    XL:     5   Next: 88%
Magic:  4/4        EV:  8    Int:  4    God:    Okawaru [......]
Gold:   69         SH: 12    Dex: 10    Spells: 0 memorised, 4 levels left

rFire  . . .     SeeInvis .       - Unarmed
rCold  . . .     Gourm    +     a - +0 robe
rNeg   . . .     Faith    .     g - +3 shield
rPois  .         Spirit   .     (helmet restricted)
rElec  .         Dismiss  .     (no cloak)
rCorr  .         Reflect  .     (gloves unavailable)
SustAt .         Harm     .     (boots unavailable)
MR     .....                    (no amulet)
Stlth  +.........               (no ring)
                                (no ring)

@: mighty, not resistant to hostile enchantments, very unstealthy
A: unfitting armour, claws 3, fast metabolism 3, gourmand, regeneration 2,
shaggy fur 1, tough skin 2
a: Renounce Religion


You were on level 5 of the Dungeon.
You worshipped Okawaru.
Okawaru was noncommittal.
You were very full.

You visited 2 branches of the dungeon, and saw 7 of its levels.

You collected 69 gold pieces.

Inventory:

Armour
 a - a +0 robe (worn)
 b - a +0 shield
 g - a +3 shield (worn)
Jewellery
 f - a cursed ring of teleportation {unknown}
Scrolls
 e - 2 scrolls of remove curse
 p - a scroll of amnesia
 s - a scroll of fog {unknown}
Potions
 c - a potion of might
 h - a potion of cancellation {unknown}
 k - a potion of haste {unknown}
 o - a potion of ambrosia {unknown}
 q - a potion of magic {unknown}
Comestibles
 d - 3 bread rations
 i - 2 fruits
 m - a royal jelly
 r - a beef jerky


   Skills:
 - Level 2.4 Fighting
 - Level 2.4 Dodging
 - Level 2.4 Shields
 * Level 6.2 Unarmed Combat


You had 4 spell levels left.
You didn't know any spells.

Dungeon Overview and Level Annotations

Branches:
Dungeon (6/15)             Temple (1/1) D:5

Altars:
Dithmenos
Elyvilon
Okawaru
Sif Muna
Trog
Uskayaw
Yredelemnul
The Shining One

Shops:
D:4 =


Innate Abilities, Weirdness & Mutations

You are too large for most types of armour.
You have claws for hands.
Your metabolism is lightning-fast.
You like to eat raw meat.
You heal very quickly.
You are covered in fur. (AC +1)
You have very tough skin. (AC +2)


Message History

You mangle the hound zombie!!
You destroy the hound zombie!
Okawaru accepts your kill.
You claw the worm!
The worm is heavily wounded.
You mangle the worm!!
You kill the worm!
Okawaru accepts your kill.
You claw the dart slug!
You kill the dart slug!
Okawaru accepts your kill.
You see here a sky beast corpse.
You butcher the sky beast corpse.
You see here 6 mutagenic chunks of flesh.
Unknown command.
Found a bubbling ruby potion.
Found 13 gold pieces.
Found 6 gold pieces.
f - a marble ring You see here a bubbling ruby potion.
h - a bubbling ruby potion
Found 17 gold pieces.
You claw the ooze!
You kill the ooze!
Okawaru accepts your kill.
You feel your dexterity returning.
You see here 13 gold pieces.
You now have 63 gold pieces (gained 13).
The orc shouts!
You see here 6 gold pieces.
You now have 69 gold pieces (gained 6).
The orc zaps a wand.
The bolt of lightning hits you!
* * * LOW HITPOINT WARNING * * *
It is a wand of lightning.
Okay, then.
Okay, then.
A giant gecko comes into view.
You scratch the orc but do no damage.
The orc zaps a wand.
The bolt of lightning hits you!
You die...

..................#*,**,,,,,,,,,,
...............####*,.#,,,,,**,,,
...............######.##,,,****,,
>.##.###................,,,,,,,*≈
..##.#*#######..........,,,,,,,*≈
.###%#,....###..........,,,,,,,**
..#....#*#.............#******,,,
..#.<..# #..............,*****,**
..#....# #......@......#,*,,,,,*
..#....#*#......o.......,,,,,***
...#+##.....##......##..,,,,,*
,,.*,**...$.*#......#*,.,,,,,*
*#.*,**....,,........#,,,,,,,*
,,,,,,,....,...l.....#,,,,,,,*
,**,,******..........#,,,,,,,***
,,,,,,,,,*#..........#,,,,,,,,,*
,,,,,,,,,,,,*,,,,,,,,*,,,,,,,,,*


You could see an orc and a giant gecko.

Vanquished Creatures
  A sky beast (D:5)
  An orc wizard (D:4)
  A quasit (D:5)
  A giant frog skeleton (D:5)
  A hound zombie (D:5)
  2 oozes
  An adder zombie (D:5)
  2 worms
  3 dart slugs
  5 orcs
  A giant cockroach (D:4)
  3 goblins
  3 hobgoblins
  A quokka (D:2)
  2 bats
  2 giant newts
  A quokka skeleton (D:4)
  5 rats
36 creatures vanquished.

Vanquished Creatures (others)
  A quokka (D:5)
1 creature vanquished.

Grand Total: 37 creatures vanquished

Notes
Turn   | Place    | Note
--------------------------------------------------------------
     0 | D:1      | Implojin the Troll Fighter began the quest for the Orb.
     0 | D:1      | Reached XP level 1. HP: 22/22 MP: 0/0
    99 | D:1      | Reached XP level 2. HP: 29/29 MP: 1/1
   239 | D:1      | Reached skill level 3 in Unarmed Combat
   457 | D:2      | Reached XP level 3. HP: 29/36 MP: 2/2
   483 | D:2      | You fall through a shaft for 2 floors!
   513 | D:4      | Reached skill level 4 in Unarmed Combat
   532 | D:4      | Reached XP level 4. HP: 37/44 MP: 3/3
   538 | D:4      | Found Nuhinlaox's Jewellery Emporium.
   599 | D:5      | Entered Level 5 of the Dungeon
   611 | D:5      | Noticed a sky beast
   706 | D:6      | Noticed a centaur
   739 | D:5      | Found a staircase to the Ecumenical Temple.
   745 | Temple   | Entered the Ecumenical Temple
   765 | Temple   | Became a worshipper of Warmaster Okawaru
   797 | D:5      | Killed a sky beast
   797 | D:5      | Reached skill level 5 in Unarmed Combat
   797 | D:5      | Reached XP level 5. HP: 15/50 MP: 4/4
   805 | D:5      | Reached skill level 6 in Unarmed Combat
   838 | D:5      | Killed from afar by an orc

Vault maps used:
D:1:      onia_arrival_mini_maze_b, serial_glass, glass_columns_a,
          glass_columns_a, feat_on_display, minmay_strange_pillars,
          due_unseen_surprise
D:2:      uniq_robin
D:3:      xom_redecorated, uniq_sigmund
D:4:      serial_shops, nicolae_shop_trees
D:5:      first_bread, elyvilon_altar_4
D:6:      uniq_menkaure
Temple:   compressed_dpeg_circular_temple

Skill      XL: |  1  2  3  4  5 |
---------------+----------------+-----
Unarmed Combat | 3 4 5 6 |  6.2
Fighting       | |  2.4
Dodging        | |  2.4
Shields        | |  2.4

Action                   |  1- 3 |  4- 6 || total
-------------------------+-------+-------++-------
Melee: Unarmed           |    68 |    43 ||   111
  Use: Scroll            |       |     6 ||     6
       Potion            |       |     2 ||     2
  Eat: Chunk             |     8 |     4 ||    12
Armor: Robe              |    38 |    24 ||    62
Dodge: Dodged            |    40 |    20 ||    60
Block: Shield            |    61 |    32 ||    93

Table legend:
 A = Turns spent in this place as a percentage of turns spent in the entire game.
 B = Non-inter-level travel turns spent in this place as a percentage of non-inter-level travel turns spent in the entire game.
 C = Inter-level travel turns spent in this place as a percentage of turns spent in this place.
 D = Turns resting spent in this place as a percentage of non-inter-level travel turns spent in this place.
 E = Turns spent auto-exploring this place as a percentage of non-inter-level travel turns spent in this place.
 F = Non-inter-level travel turns spent in this place divided by the number of levels of this place that you've seen.
                   A       B       C       D       E      F
               +-------+-------+-------+-------+-------+----------------------
         Total | 100.0 | 100.0 |   0.0 |   0.0 |   0.0 | 116.0
       Dungeon |  95.0 |  95.0 |   0.0 |   0.0 |   0.0 | 128.5
        Temple |   5.0 |   5.0 |   0.0 |   0.0 |   0.0 |  41.0
               +-------+-------+-------+-------+-------+----------------------

Table legend:
 A = Kills in this place as a percentage of kills in entire the game.
 B = Kills by you in this place as a percentage of kills by you in the entire game.
 C = Kills by friends in this place as a percentage of kills by friends in the entire game.
 D = Other kills in this place as a percentage of other kills in the entire game.
 E = Experience gained in this place as a percentage of experience gained in the entire game.
 F = Experience gained in this place divided by the number of levels of this place that you have seen.
                   A       B       C       D       E      F
               +-------+-------+-------+-------+-------+----------------------
         Total | 100.0 | 100.0 |  -nan |  -nan | 100.0 |  51.1
       Dungeon | 100.0 | 100.0 |  -nan |  -nan | 100.0 |  59.7
               +-------+-------+-------+-------+-------+----------------------
